 Dungeon Crawl Stone Soup version 0.30-b1-2-g02819fbbbe (webtiles) character file.

Game seed: 1510711126532813475

3931 redmage the Geomancer (level 10, -1/73 HPs)
             Began as a Meteoran Earth Elementalist on July 27, 2023.
             Was a Follower of Sif Muna.
             Killed by a stone arrow (34 damage)
             ... invoked by the wrath of Vehumet
             ... on level 8 of the Dungeon.
             The game lasted 00:25:31 (1330 turns).

redmage the Geomancer (Meteoran Earth Elementalist) Turns: 1330, Time: 00:25:31

Health: -1/73      AC:  5    Str: 17    XL:     10   Next: 71%
Magic:  0/19       EV: 17    Int: 21    God:    Sif Muna [*.....]
Gold:   273        SH:  0    Dex: 14    Spells: 13/20 levels left

rFire   . . .        g - +4 dagger (venom)
rCold   . . .        (no shield)
rNeg    . . .        a - +0 robe
rPois   .            c - +2 helmet
rElec   .            (no cloak)
rCorr   .            (no gloves)
SInv    .            (no boots)
Will    +....        (no amulet)
Stlth   +            i - +5 ring of evasion
HPRegen 0.32/turn    d - +6 ring of strength
MPRegen 0.16/turn

%: no passive effects
@: glowing
A: sense surroundings 2, otherworldly, glowing, explore regen
a: Renounce Religion, Channel Magic


You were on level 8 of the Dungeon.
You worshipped Sif Muna.
Sif Muna was aware of your devotion.
You visited 3 branches of the dungeon, and saw 13 of its levels.

You collected 273 gold pieces.

Inventory:

Hand Weapons
 g - a +4 dagger of venom (weapon)
Missiles
 l - 3 silver boomerangs
 o - 7 poisoned darts (quivered)
Armour
 a - a +0 robe (worn)
 c - a +2 helmet (worn)
 p - a +0 pair of gloves
Jewellery
 d - a +6 ring of strength (right hand)
 i - a +5 ring of evasion (left hand)
Scrolls
 h - a scroll of enchant weapon
Potions
 b - a potion of flight
 e - a potion of haste {unknown}
 f - 2 potions of curing
 j - a potion of might {unknown}
 m - a potion of ambrosia {unknown}
 n - 2 potions of invisibility {unknown}


   Skills:
 + Level 1.9 Fighting
 + Level 2.1 Armour
 - Level 2.4 Dodging
 - Level 1.4 Stealth
 + Level 5.8 Spellcasting
 - Level 9.1 Conjurations
 - Level 2.7 Summonings
 - Level 5.3 Translocations
 - Level 4.3 Transmutations
 - Level 10.3 Earth Magic
 * Level 4.8 Invocations


You had 13 spell levels left.
You knew the following spells:

 Your Spells              Type           Power      Damage    Failure   Level
a - Sandblast             Erth           98%        2d20      1%          1
b - Passwall              Tmut/Erth      30%        N/A       1%          2
c - Stone Arrow           Conj/Erth      94%        3d12      1%          3
z - Apportation           Tloc           56%        N/A       1%          1

Your spell library contained the following spells:

 Spells                   Type           Power      Damage    Failure   Level
 Summon Small Mammal      Summ           68%        N/A       3%          1
 Petrify                  Tmut/Erth      36%        N/A       4%          4
 Necrotise                Necr           24%        1d5       10%         1


Dungeon Overview and Level Annotations

Branches:
Dungeon (10/15) Zot: 4782  Temple (1/1) D:5 Zot: 564     Orc (2/2) D:9 Zot: 1072
   Lair: D:8-11         Elf: Orc:2

Altars:
Ashenzari
Elyvilon
Fedhas
Gozag
Kikubaaqudgha
Makhleb
Okawaru
Qazlal
Ru
Sif Muna
Vehumet
Wu Jian
Yredelemnul
Zin
The Shining One
Lugonu

Shops:
D:5 :

Annotations:
D:9 exclusion: orange crystal statue, Gastronok


Innate Abilities, Weirdness & Mutations

You passively map the area around you.
You are easily found by Zot.
You glow in the dark.
You regain HP and MP as you explore.


Message History

The blast of sand hits the yak!!
You kill the yak!
Sif Muna accepts your kill. The yak barely misses you.
The yak completely misses you.
You hit the yak.
The yak is poisoned.
The yak is lightly wounded.
The yak closely misses you.
Casting: Sandblast (safe; 1% risk of failure)
Confirm with . or Enter, or press ? or * to list all spells.
Aiming: Sandblast (safe; 1% risk of failure)
Press: ? - help, Shift-Dir - straight line, f - yak
Aim: a yak (lightly wounded, very poisoned, 91% to hit)
The blast of sand hits the yak!
The yak is moderately wounded.
The yak gores you but does no damage.
Unknown command.
You hit the yak. You punch the yak.
The yak is heavily wounded.
The yak gores you!
You hit the yak but do no damage.
The yak is heavily wounded.
The yak gores you.
Casting: Sandblast (safe; 1% risk of failure)
Confirm with . or Enter, or press ? or * to list all spells.
Aiming: Sandblast (safe; 1% risk of failure)
Press: ? - help, Shift-Dir - straight line, f/p - yak
Aim: a yak (heavily wounded, very poisoned, 91% to hit)
Vehumet does not allow the disloyal to dabble in destruction!
Sparks fly from your hands.
The blast of sand hits the yak.
The yak is severely wounded.
The yak gores you! The yak gores you.
You hit the yak.
The yak looks even sicker.
The yak is almost dead.
The yak gores you.
You hit the yak but do no damage.
The yak looks as sick as possible!
The yak is almost dead.
The yak gores you!
Vehumet rains destruction down upon you!
The stone arrow hits you!!
You die...

#.#...#..... ,* .... *
#####.#.....≈≈≈. *
#.....####)..........≈#≈≈ , *,
#.......##...........≈≈≈≈ ,, ,
#....#.##.......##.≈≈≈#≈ ,
#......##.......##.≈#≈≈≈ ,
##.............###$.≈≈≈≈#
#........#.....# #.≈≈≈#≈≈ ,* *
........@......###.≈#≈≈≈≈ ,
........Y....#.....≈≈≈≈#≈ ,,
....#..†..............≈≈≈ *
###...#....................
######)................(........[
.Y.K)>.###...)..##.###..........*
#...###...###...###...###...##.##
.##* , ...#.###.#.....#.###.#..#
,,, , .#.. #...#§..#...#...#.#


You could see a yak (extremely poisoned) and the wrath of Vehumet (unaware).

Vanquished Creatures
  2 two-headed ogres
  A troll (Orc:1)
  7 yaks
  A wyvern (D:9)
  A warg (Orc:2)
  An acid dragon (D:6)
  A water moccasin (D:9)
  An orc warrior (Orc:2)
  3 ogres
  A centaur (D:9)
  A kobold brigand (D:5)
  A scorpion (D:6)
  A howler monkey (D:9)
  3 hounds
  3 orc priests
  4 iguanas
  A sleepcap (D:4)
  An orc wizard (D:4)
  6 gnolls
  2 adders (D:4)
  A shadow imp (D:4)
  A white imp (D:7)
  An ufetubus (D:4)
  2 worms
  A dart slug (D:5)
  10 orcs
  2 ball pythons (D:3)
  2 endoplasms
  A goblin (D:4)
  2 hobgoblins
  2 jackals (D:5)
  12 kobolds
79 creatures vanquished.

Notes
Turn   | Place    | Note
-------+----------+-------------------------------------------
     0 | D:1      | redmage the Meteoran Earth Elementalist began the quest for
                  | the Orb.
     0 | D:1      | Reached XP level 1. HP: 14/14 MP: 5/5
    38 | D:1      | Learned a level 1 spell: Apportation
   148 | D:3      | Reached XP level 2. HP: 20/20 MP: 4/6
   151 | D:3      | Reached skill level 1 in Translocations
   154 | D:3      | Learned a level 2 spell: Passwall
   158 | D:3      | Reached skill level 4 in Earth Magic
   193 | D:4      | Reached XP level 3. HP: 26/26 MP: 1/8
   197 | D:4      | Learned a level 3 spell: Stone Arrow
   203 | D:4      | Learned a level 1 spell: Summon Small Mammal
   203 | D:4      | Found an ancient bone altar of Kikubaaqudgha.
   218 | D:4      | Found a basalt altar of Yredelemnul.
   257 | D:4      | Reached XP level 4. HP: 33/33 MP: 4/9
   276 | D:4      | HP: 1/33 [iguana (9)]
   278 | D:4      | Reached skill level 1 in Conjurations
   278 | D:4      | Reached XP level 5. HP: 2/38 MP: 0/10
   307 | D:4      | Reached skill level 5 in Earth Magic
   366 | D:4      | Reached XP level 6. HP: 45/45 MP: 9/11
   412 | D:5      | Entered Level 5 of the Dungeon
   478 | D:5      | Noticed an ogre
   504 | D:5      | Killed an ogre
   505 | D:5      | Reached XP level 7. HP: 45/50 MP: 3/12
   551 | D:5      | Found Fockoih's Book Boutique.
   608 | D:5      | Found a staircase to the Ecumenical Temple.
   612 | Temple   | Entered the Ecumenical Temple
   634 | Temple   | Became a worshipper of Vehumet
   676 | D:6      | Reached skill level 6 in Earth Magic
   694 | D:6      | Reached skill level 1 in Summonings
   703 | D:6      | Noticed an acid dragon
   715 | D:6      | HP: 2/50 [acid dragon (3)]
   718 | D:6      | Killed an acid dragon
   719 | D:6      | Reached skill level 5 in Conjurations
   719 | D:6      | Reached XP level 8. HP: 15/57 MP: 9/14
   742 | D:7      | Found a glowing silver altar of Zin.
   825 | D:8      | Found an iron altar of Okawaru.
   825 | D:8      | Found a shimmering blue altar of Sif Muna.
   828 | D:8      | Fell from the grace of Vehumet
   828 | D:8      | Became a worshipper of Sif Muna the Loreminder
   843 | D:9      | Found a staircase to the Orcish Mines.
   847 | Orc:1    | Entered Level 1 of the Orcish Mines
   873 | Orc:1    | Reached skill level 5 in Translocations
   899 | Orc:2    | Entered Level 2 of the Orcish Mines
   937 | Orc:1    | Noticed an orc sorcerer
   940 | Orc:1    | Noticed a troll
   944 | Orc:1    | Killed a troll
   945 | Orc:1    | Reached skill level 7 in Earth Magic
   945 | Orc:1    | Gained mutation: You passively map the area around you.
                  | [Meteoran growth]
   945 | Orc:1    | Reached XP level 9. HP: 43/62 MP: 6/16
   962 | Orc:1    | Noticed an orc high priest
   969 | Orc:1    | Noticed a smoke demon
   969 | Orc:1    | Noticed a smoke demon
   975 | D:10     | Entered Level 10 of the Dungeon
   985 | D:9      | Found a stormy altar of Qazlal.
  1009 | D:9      | Noticed a two-headed ogre
  1021 | D:9      | Killed a two-headed ogre
  1022 | D:9      | Reached skill level 9 in Earth Magic
  1079 | D:9      | Noticed Gastronok
  1095 | D:9      | Noticed an orange crystal statue
  1138 | D:9      | Reached XP level 10. HP: 40/69 MP: 4/17
  1146 | D:9      | Reached * piety under Sif Muna
  1150 | D:10     | Noticed a two-headed ogre
  1154 | D:10     | Killed a two-headed ogre
  1155 | D:10     | Reached skill level 5 in Spellcasting
  1155 | D:10     | Reached skill level 10 in Earth Magic
  1302 | D:8      | Reached skill level 1 in Fighting
  1302 | D:8      | Reached skill level 1 in Armour
  1330 | D:8      | Killed by a stone arrow

Illustrated notes

Levels and vault maps discovered:
D:1:      dpeg_arrival_short_road, layout_basic, minivault_23,
          hangedman_decor_peaks_small
D:2:      layout_loops_ring, basic_altar,
          hellmonk_ecumenical_altar_leap_of_faith
D:3:      layout_rooms, minmay_bisected
D:4:      layout_basic, mainiacjoe_overflow_surrounded_room,
          kiku_gazebo_pond_becter, minivault_5, grunt_ministairs_7
D:5:      layout_basic, minmay_temple_entry_glassed_door, serial_shops,
          kennysheep_little_box, uniq_blork_the_orc, uniq_sigmund, uniq_pikel
D:6:      layout_rooms, lemuel_coloured_pillars_altar, kennysheep_mini,
          general_overflow_altar
D:7:      layout_basic, mainiacjoe_overflow_24_doors
D:8:      nicolae_cairo_tiling, layout_basic,
          riverfiend_overflow_shadow_ancestor, nemelex_spade_bored_becter,
          gammafunk_temple_overflow_elements, gammafunk_ghost_berserking_beasts,
          nicolae_lava_and_water
D:9:      layout_rooms, mainiacjoe_overflow_boulevard,
          nicolae_qazlal_scattered_showers, minivault_16, uniq_gastronok
D:10:     layout_layer_cave
Temple:   corrupted_temple
Orc:1:    layout_caves, mines5_lemuel
Orc:2:    kennysheep_orc_mage_school, layout_caves, serial_shops, shop_statue,
          nicolae_orc_bridge_out

Skill      XL: |  1  2  3  4  5  6  7  8  9 10 |
---------------+-------------------------------+-----
Spellcasting   | 3 4 5 |  5.8
Translocations | 1 2 3 4 5 |  5.3
Earth Magic    | 4 5 6 7 9 10 | 10.3
Conjurations   | 1 2 4 5 6 9 |  9.1
Summonings     | 1 2 |  2.7
Transmutations | 4 |  4.3
Invocations    | 4 |  4.8
Fighting       | 1 |  1.9
Armour         | 2 |  2.1
Dodging        | |  2.4
Stealth        | |  1.4

Action                     |  1- 3 |  4- 6 |  7- 9 | 10-12 || total
---------------------------+-------+-------+-------+-------++-------
  Melee: Flail             |       |     1 |       |       ||     1
         Dagger            |       |       |    22 |     5 ||    27
         Punch             |       |       |       |     1 ||     1
  Throw: Dart              |       |       |     1 |       ||     1
   Cast: Sandblast         |    22 |    35 |    28 |    10 ||    95
         Apportation       |     2 |     2 |       |       ||     4
         Passwall          |       |     6 |     4 |     1 ||    11
         Stone Arrow       |       |     3 |    36 |    16 ||    55
    Use: Scroll            |     3 |     1 |     5 |     2 ||    11
         Potion            |       |       |     4 |       ||     4
   Stab: Sleeping          |       |       |     1 |       ||     1
 Armour: Robe              |       |     2 |    11 |     2 ||    15
  Dodge: Dodged            |     1 |     9 |    17 |    11 ||    38
